 Dungeon Sprint DCSS version 0.17-a0-2122-g03d97ec (webtiles) character file.

169 Kidiri the Covert (level 5, -7/24 HPs)
             Began as a Spriggan Enchanter on Oct 21, 2015.
             Mangled by a shadow (11 damage)
             ... in the Dungeon (Sprint III: "The Ten Rune Challenge").
             The game lasted 00:02:04 (277 turns).

Kidiri the Covert (Spriggan Enchanter)               Turns: 277, Time: 00:02:04

Health: -7/24      AC:  6    Str:  4    XL:     5   Next: 25%
Magic:  13/14      EV: 23    Int: 17    God:
Gold:   3          SH:  0    Dex: 17    Spells: 5 memorised, 4 levels left

rFire  . . .     SeeInvis +     a - +1 dagger
rCold  . . .     Clarity  .     b - +1 robe
rNeg   . . .     SustAt   .     (shield restricted)
rPois  .         Gourm    .     (helmet restricted)
rElec  .         Spirit   .     (no cloak)
rCorr  .         Warding  .     (gloves unavailable)
rMut   .         NoTele   +     (boots unavailable)
MR     .....                    (no amulet)
Stlth  +++++.....               (no ring)
                                l - +3 ring of protection

@: flying (expiring), very quick, not resistant to hostile enchantments, quite
stealthy
A: unfitting armour, see invisible, herbivore 3, speed 3, slow metabolism 2,
subdued magic 1
a: no special abilities


You were in the Dungeon.
You were not hungry.

You visited 1 branch You collected 3 gold pieces.

Inventory:

Hand Weapons
 a - a +1 dagger (weapon)
Armour
 b - a +1 robe (worn)
Jewellery
 l - a +3 ring of protection (left hand)
Scrolls
 j - a scroll of blinking
 k - a scroll of recharging {unknown}
 n - a scroll of immolation {unknown}
 o - a scroll of amnesia {unknown}
 p - 2 scrolls of remove curse
 t - a scroll of holy word {unknown}
 u - a scroll of identify {unknown}
 v - a scroll of random uselessness {unknown}
Potions
 e - a potion of curing
 f - a potion of heal wounds
 g - a potion of haste
 h - 2 potions of magic
 i - a potion of berserk rage
 x - a potion of lignification {unknown}
Books
 c - a book of Maledictions

   Spells                             Type                      Level
   a - Corona                         Hexes                        1
   b - Ensorcelled Hibernation        Hexes/Ice                    2
   c - Confuse                        Hexes                        3
   d - Tukima's Dance                 Hexes                        3
   e - Dazzling Spray                 Conjuration/Hexes            3
Comestibles
 d - a bread ration
 q - 2 royal jellies


   Skills:
 * Level 5.0 Short Blades
 + Level 2.1 Armour
 * Level 7.3 Dodging
 * Level 8.4 Stealth
 * Level 6.0 Spellcasting
 + Level 1.2 Conjurations
 + Level 5.2 Hexes
 + Level 1.4 Ice Magic


You had 4 spell levels left.
You knew the following spells:

 Your Spells              Type           Power        Failure   Level  Hunger
a - Corona                Hex            ###....      1%          1    None
b - Ensorcelled Hibernat  Hex/Ice        ##....       2%          2    None
c - Confuse               Hex            ###.....     2%          3    ##.....
d - Tukima's Dance        Hex            ###.....     2%          3    ##.....
e - Dazzling Spray        Conj/Hex       ##......     5%          3    ##.....


Dungeon Overview and Level Annotations

Branches:
Dungeon (1/1)

Altars:


Innate Abilities, Weirdness & Mutations

You are tiny and cannot use many weapons and most armour.
You have supernaturally acute eyesight.
You are a herbivore.
You cover ground extremely quickly.
You need consume almost no food.
Your spells are a little easier to cast, but a little less powerful.


Message History

You feel a little less agile now. The shadow hits you.
You closely miss the shadow.
You are starting to lose your buoyancy.
The shadow closely misses you.
You hit the shadow.
The shadow is lightly damaged.
The shadow misses you.
You completely miss the shadow.
The shadow is lightly damaged.
You hit the shadow but do no damage.
The shadow is lightly damaged.
The shadow completely misses you.
You hit the shadow but do no damage.
The shadow is lightly damaged.
The shadow completely misses you.
You hit the shadow but do no damage.
The shadow is lightly damaged.
The shadow hits you!
You die...

▓▓▓ # ##.# #####..#
.#..#..#
.#..#..###+#+###+##
.##+#..#..........#
.###...'.⌠........#
####...#...######'#
###....#.⌠.# #W@.#
##.....#...# #...#
#......#+### #...#
.#.....# #..%+
###....# +...#
▓▓▓▓▓▓ ▓▓▓▓▓


You could see a shadow.

Vanquished Creatures
  A water elemental (D)
  A scorpion (D)
  A jelly (D)
  A human (D)
  An ooze (D)
  3 rats (D)
8 creatures vanquished.

Vanquished Creatures (others)
  2 draconian scorchers (D)
  A yaktaur (D)
  5 plants (D)
8 creatures vanquished.

Grand Total: 16 creatures vanquished

Notes
Turn   | Place    | Note
--------------------------------------------------------------
     0 | D        | Kidiri the Spriggan Enchanter began the quest for the Orb.
     0 | D        | Reached XP level 1. HP: 9/9 MP: 5/5
     9 | D        | Reached skill level 5 in Stealth
    50 | D        | Killed a yaktaur
    54 | D        | Noticed a scorpion
    57 | D        | Killed a scorpion
    57 | D        | Reached skill level 1 in Armour
    57 | D        | Reached skill level 5 in Dodging
    57 | D        | Reached skill level 6 in Stealth
    57 | D        | Reached XP level 2. HP: 13/13 MP: 5/8
    57 | D        | Reached XP level 3. HP: 16/16 MP: 6/10
    77 | D        | Learned a level 2 spell: Ensorcelled Hibernation
    81 | D        | Learned a level 3 spell: Confuse
    85 | D        | Learned a level 3 spell: Dazzling Spray
   107 | D        | Reached skill level 7 in Stealth
   107 | D        | Reached XP level 4. HP: 21/21 MP: 2/11
   114 | D        | Learned a level 3 spell: Tukima's Dance
   166 | D        | Killed a white draconian scorcher
   179 | D        | Killed a white draconian scorcher
   205 | D        | Gained mutation: You are weak. (Str -2) [potion of mutation]
   205 | D        | Gained mutation: Your flesh is cold resistant. [potion of mutation]
   205 | D        | Gained mutation: You tend to lose your temper in combat. [potion of mutation]
   206 | D        | Gained mutation: Your spells are a little easier to cast, but a little less powerful. [potion of mutation]
   206 | D        | Gained mutation: You are clumsy. (Dex -2) [potion of mutation]
   206 | D        | Gained mutation: You evolve. [potion of mutation]
   209 | D        | Lost mutation: You evolve. [potion of cure mutation]
   209 | D        | Lost mutation: You tend to lose your temper in combat. [potion of cure mutation]
   209 | D        | Lost mutation: You are weak. (Str -2) [potion of cure mutation]
   209 | D        | Lost mutation: You are clumsy. (Dex -2) [potion of cure mutation]
   209 | D        | Lost mutation: Your flesh is cold resistant. [potion of cure mutation]
   218 | D        | Noticed a water elemental
   220 | D        | Killed a water elemental
   220 | D        | Reached skill level 5 in Spellcasting
   220 | D        | Reached skill level 1 in Conjurations
   220 | D        | Reached skill level 5 in Hexes
   220 | D        | Reached skill level 1 in Ice Magic
   220 | D        | Reached XP level 5. HP: 24/24 MP: 12/14
   230 | D        | Noticed a jelly
   231 | D        | Noticed a shadow
   236 | D        | Killed a jelly
   236 | D        | Reached skill level 5 in Short Blades
   236 | D        | Reached skill level 8 in Stealth
   277 | D        | Mangled by a shadow

Vault maps used:
D:        dungeon_sprint_mu

Action                   |  1- 3 |  4- 6 || total
-------------------------+-------+-------++-------
Melee: Dagger            |    11 |    44 ||    55
 Cast: Ensorcelled Hiber |     3 |     2 ||     5
  Use: Potion            |       |     5 ||     5
 Stab: Sleeping          |     5 |     2 ||     7
